 Dungeon Sprint DCSS version 0.27-a0-385-g3208abaabc (webtiles) character file.

Game seed: 2039980301038956409

14739 mhtbhm the Severer (level 11, -3/114 HPs)
             Began as a Minotaur Fighter on Feb 19, 2021.
             Was the Champion of Okawaru.
             Slain by a red devil
             ... wielding a +0 trident
              (5 damage)
             ... while paralysed by Psyche
             ... in the Dungeon (Sprint VII: "The Pits").
             The game lasted 00:04:47 (4330 turns).

mhtbhm the Severer (Minotaur Fighter)               Turns: 4330, Time: 00:04:48

Health: -3/114     AC: 12    Str: 27    XL:     11   Next: 92%
Magic:  10/10      EV:  2    Int:  5    God:    Okawaru [******]
Gold:   0          SH:  0    Dex: 14    Spells: 10/10 levels left

rFire    . . .     SeeInvis .   a - +6 hand axe of the Tundras {venom, rN+ Will+ Int-2 Dex+4}
rCold    . . .     Faith    .   c - +0 tower shield "Sewoas" {Rampage Int+2}
rNeg     + . .     Spirit   .   b - +0 swamp dragon scales
rPois    +         Reflect  .   (helmet restricted)
rElec    .         Harm     .   (no cloak)
rCorr    .         Rampage  +   (no gloves)
Will     +....     NoTele   +   (no boots)
Stlth    +.........             (no amulet)
HPRegen  0.29/turn              n - +3 ring of strength
MPRegen  0.12/turn              o - +3 ring of evasion

@: paralysed
A: retaliatory headbutt, horns 2
a: Renounce Religion, Heroism, Finesse


You were in the Dungeon.
You worshipped Okawaru.
Okawaru was exalted by your worship.
You visited 1 branch

Inventory:

Hand Weapons
 a - the +6 hand axe of the Tundras (weapon) {venom, rN+ Will+ Int-2 Dex+4}
   (Okawaru gifted it to you in the Dungeon)

   It poisons the flesh of those it strikes.
   It affects your intelligence (-2).
   It affects your dexterity (+4).
   It protects you from negative energy.
   It affects your willpower, your defense against some magical effects.
Armour
 b - +0 swamp dragon scales (worn)
 c - the +0 tower shield "Sewoas" (worn) {Rampage Int+2}
   (Okawaru gifted it to you in the Dungeon)

   It affects your intelligence (+2).
   It bestows one free step when moving towards enemies.
Jewellery
 n - a +3 ring of strength (left hand)
 o - a +3 ring of evasion (right hand)
Wands
 r - a wand of iceblast (4)
Scrolls
 j - a scroll of blinking
 l - 5 scrolls of amnesia
 m - a scroll of summoning
Potions
 d - a potion of might
 e - 10 potions of curing
 f - 10 potions of heal wounds
 g - a potion of haste
 h - 4 potions of magic
 i - 3 potions of berserk rage
 k - 2 potions of invisibility
 p - a potion of brilliance
 q - a potion of mutation


   Skills:
 + Level 15.9 Fighting
 + Level 18.6 Axes
 + Level 16.1 Armour
 + Level 7.4 Dodging
 + Level 2.2 Stealth
 + Level 17.5 Shields


You had 10 spell levels left.
You didn't know any spells.
Your spell library was empty.

Dungeon Overview and Level Annotations

Branches:
Dungeon (1/1)

Altars:
Ashenzari
Cheibriados
Dithmenos
Elyvilon
Fedhas
Gozag
Hepliaklqana
Kikubaaqudgha
Makhleb
Nemelex Xobeh
Okawaru
Qazlal
Ru
Sif Muna
Trog
Uskayaw
Vehumet
Wu Jian
Xom
Yredelemnul
Zin
The Shining One
Beogh
Jiyva
Lugonu

Annotations:
D Psyche


Innate Abilities, Weirdness & Mutations

You reflexively headbutt those who attack you in melee.
You have a pair of horns on your head.


Message History

You slash the wolf!
You kill the wolf!
Okawaru accepts your kill. You block the wolf's attack. The sun demon hits you!
You are engulfed in flames!!
Something barely misses you.
You hit the smoke demon but do no damage.
You headbutt the smoke demon.
You kill the smoke demon!
Okawaru accepts your kill.
You hit something. You closely miss the wolf. You barely miss the sun demon.
You block the wolf's attack. The red devil barely misses you.
You block the sun demon's attack. Something hits you. Space bends around you!
You closely miss the wolf.
The wolf is heavily wounded.
You hit the sun demon but do no damage.
The sun demon is poisoned.
You hit something. The wolf bites you but does no damage.
You block the sun demon's attack. Something hits you but does no damage.
You block the red devil's attack.
You hit the wolf.
The wolf is poisoned.
The wolf is severely wounded.
You closely miss the sun demon. You hit the bog body. You miss something.
You block the wolf's attack.
The bog body points at you and mumbles some strange words.
You resist with almost no effort. You block the sun demon's attack.
Something hits you but does no damage.
You suddenly lose the ability to move!
The wolf bites you but does no damage. The wolf bites you but does no damage.
The red devil hits you but does no damage.
Something hits you but does no damage.
The sun demon hits you but does no damage.
The bog body touches you. The bog body freezes you!!
* * * LOW HITPOINT WARNING * * *
The wolf bites you!
* * * LOW HITPOINT WARNING * * *
Something hits you.
* * * LOW HITPOINT WARNING * * *
Something burns you.
* * * LOW HITPOINT WARNING * * *
The red devil hits you from afar with a +0 trident.
You die...

#################
########### ##
#.........# ..+
#...†...# #.##
####...######## ##...#
###..+...+..##..##......
#....##'##.....##.4..)..
....##...##....#n{......
....'..)..'....†@ho.....
....##...##....#)3......
#....##'##.....##.......
###..+...)..##..##......
####...######## ##...#
##)÷.....## #.##
#.........# ..+
########### ##


You could see a sun demon (poisoned), a bog body, a red devil, a wolf (very
poisoned) and an orc.

Vanquished Creatures
  An alligator snapping turtle (D)
  A death knight (D)
  An orc high priest (D)
  A fire crab (D)
  2 unseen horrors (D)
  A flayed ghost (D)
  A deep troll (D)
  A sea snake (D)
  A swamp dragon (D)
  A bog body (D)
  A phantasmal warrior (D)
  A cyclops (D)
  A black mamba (D)
  A smoke demon (D)
  Joseph (D)
  An efreet (D)
  A troll (D)
  A hornet (D)
  10 dream sheep (D)
  3 slime creatures (D)
  A spriggan (D)
  An air elemental (D)
  4 shadows (D)
  A tarantella (D)
  2 ynoxinuls (D)
  2 basilisks (D)
  4 hell hounds (D)
  An orc warrior (D)
  A black bear (D)
  An eye of draining (D)
  10 wolves (D)
  An ogre (D)
  A phantom (D)
  2 bullfrogs (D)
  A gnoll sergeant (D)
  A scorpion (D)
  A killer bee (D)
  4 wights (D)
  A crimson imp (D)
  An orc priest (D)
  A hound (D)
  4 orc wizards (D)
  A worker ant (D)
  3 mummies (D)
  3 gnolls (D)
  A river rat (D)
  A leopard gecko (D)
  9 orcs (D)
  A bat (D)
  A giant cockroach (D)
  A hobgoblin (D)
  A quokka (D)
  2 ball pythons (D)
  A frilled lizard (D)
  A rat (D)
104 creatures vanquished.

Vanquished Creatures (others)
  A shadow (D)
  An orc priest (D)
  A hell rat (D)
  An orc (D)
4 creatures vanquished.

Grand Total: 108 creatures vanquished

Notes
Turn   | Place    | Note
-------+----------+-------------------------------------------
     0 | D        | mhtbhm the Minotaur Fighter began the quest for the Orb.
     0 | D        | Reached XP level 1. HP: 19/19 MP: 0/0
    22 | D        | Found a bloodstained altar of Trog.
    22 | D        | Found a shimmering blue altar of Sif Muna.
    22 | D        | Found a viscous altar of Jiyva.
    22 | D        | Found a hazy altar of Hepliaklqana.
    22 | D        | Found an opulent altar of Gozag.
    23 | D        | Found a glowing golden altar of the Shining One.
    23 | D        | Found a glowing silver altar of Zin.
    23 | D        | Found a basalt altar of Yredelemnul.
    23 | D        | Found a shimmering altar of Xom.
    23 | D        | Found an ornate altar of the Wu Jian Council.
    23 | D        | Found a sacrificial altar of Ru.
    23 | D        | Found a stormy altar of Qazlal.
    23 | D        | Found an iron altar of Okawaru.
    23 | D        | Found a sparkling altar of Nemelex Xobeh.
    23 | D        | Found a burning altar of Makhleb.
    23 | D        | Found a blossoming altar of Fedhas.
    23 | D        | Found a white marble altar of Elyvilon.
    23 | D        | Found a shadowy altar of Dithmenos.
    23 | D        | Found a snail-covered altar of Cheibriados.
    25 | D        | Found a radiant altar of Vehumet.
    25 | D        | Found a corrupted altar of Lugonu.
    25 | D        | Found a roughly hewn altar of Beogh.
    27 | D        | Found an ancient bone altar of Kikubaaqudgha.
    27 | D        | Found a hide-covered altar of Uskayaw.
    27 | D        | Found a broken altar of Ashenzari.
    33 | D        | Became a worshipper of Warmaster Okawaru
    76 | D        | Noticed a worker ant
    80 | D        | Killed a worker ant
    81 | D        | Reached skill level 5 in Fighting
    81 | D        | Reached skill level 3 in Axes
    81 | D        | Reached skill level 5 in Armour
    81 | D        | Reached skill level 5 in Shields
    81 | D        | Reached XP level 2. HP: 21/29 MP: 1/1
    83 | D        | Reached XP level 3. HP: 27/36 MP: 2/2
   225 | D        | Reached skill level 4 in Axes
   225 | D        | Reached XP level 4. HP: 12/45 MP: 3/3
   512 | D        | Noticed a black bear
   512 | D        | Noticed a bullfrog
   526 | D        | Killed a black bear
   526 | D        | Reached * piety under Okawaru
   527 | D        | Reached skill level 6 in Axes
   527 | D        | Reached skill level 1 in Dodging
   527 | D        | Reached XP level 5. HP: 17/53 MP: 4/4
   527 | D        | Noticed a phantom
   537 | D        | Reached skill level 7 in Axes
   537 | D        | Reached XP level 6. HP: 15/62 MP: 5/5
   728 | D        | Reached ** piety under Okawaru
   729 | D        | Reached skill level 8 in Axes
   873 | D        | Reached skill level 9 in Axes
   873 | D        | Reached skill level 10 in Shields
   873 | D        | Reached XP level 7. HP: 70/70 MP: 6/6
   995 | D        | Noticed a dream sheep
   995 | D        | Noticed a dream sheep
   995 | D        | Noticed a dream sheep
   997 | D        | Noticed a dream sheep
  1003 | D        | Killed a dream sheep
  1003 | D        | Killed a dream sheep
  1003 | D        | Reached *** piety under Okawaru
  1004 | D        | Reached skill level 10 in Fighting
  1004 | D        | Reached skill level 10 in Axes
  1004 | D        | Reached skill level 10 in Armour
  1007 | D        | Reached XP level 8. HP: 80/80 MP: 7/7
  1009 | D        | Reached skill level 11 in Axes
  1011 | D        | Killed a dream sheep
  1013 | D        | Killed a dream sheep
  1013 | D        | Reached **** piety under Okawaru
  1014 | D        | Reached skill level 12 in Axes
  1232 | D        | Noticed a swamp dragon
  1243 | D        | Reached skill level 1 in Stealth
  1243 | D        | Reached XP level 9. HP: 72/89 MP: 0/8
  1244 | D        | Killed a swamp dragon
  1245 | D        | Reached skill level 13 in Axes
  1276 | D        | HP: 4/90 [poison (poison gas)]
  1281 | D        | HP: 4/90 [poison (poison gas)]
  1288 | D        | HP: 3/90 [poison (poison gas)]
  1296 | D        | HP: 3/90 [poison (poison gas)]
  1803 | D        | Noticed a troll
  1805 | D        | Noticed an orc high priest
  1811 | D        | Noticed a red devil
  1815 | D        | Killed a troll
  1815 | D        | Reached ***** piety under Okawaru
  1816 | D        | Reached skill level 14 in Axes
  1821 | D        | Killed an orc high priest
  1821 | D        | Noticed a black mamba
  1822 | D        | Reached skill level 5 in Dodging
  1830 | D        | Killed a black mamba
  1831 | D        | Reached skill level 15 in Axes
  1831 | D        | Reached XP level 10. HP: 25/100 MP: 9/9
  1842 | D        | Noticed an alligator snapping turtle
  2149 | D        | Killed an alligator snapping turtle
  2150 | D        | Reached skill level 15 in Shields
  2608 | D        | Noticed a spriggan rider
  2609 | D        | Noticed a flayed ghost
  2623 | D        | Killed a flayed ghost
  2624 | D        | Reached skill level 16 in Axes
  2752 | D        | Noticed a cyclops
  2752 | D        | Noticed a phantasmal warrior
  2757 | D        | Killed a cyclops
  2757 | D        | Reached ****** piety under Okawaru
  2760 | D        | Received a gift from Okawaru
  2768 | D        | Killed a phantasmal warrior
  2778 | D        | Got a glimmering tower shield {god gift}
  2784 | D        | Identified the +0 tower shield "Sewoas" {Rampage Int+2}
                  | (Okawaru gifted it to you in the Dungeon)
  3111 | D        | Killed an unseen horror
  3112 | D        | Reached skill level 17 in Axes
  3112 | D        | Reached XP level 11. HP: 63/110 MP: 10/10
  3294 | D        | Noticed a death knight
  3303 | D        | Reached skill level 15 in Armour
  3327 | D        | Killed a death knight
  3862 | D        | Noticed a deep troll
  3877 | D        | Killed a deep troll
  3886 | D        | Noticed Joseph
  3886 | D        | Noticed a bog body
  3893 | D        | Reached skill level 15 in Fighting
  3893 | D        | Killed Joseph
  3898 | D        | Killed a bog body
  4150 | D        | Noticed a fire crab
  4150 | D        | Noticed a sea snake
  4160 | D        | Killed an unseen horror
  4160 | D        | Received a gift from Okawaru
  4161 | D        | Reached skill level 18 in Axes
  4164 | D        | Killed a sea snake
  4173 | D        | Killed a fire crab
  4181 | D        | Got a crystal hand axe {god gift}
  4182 | D        | Identified the +6 hand axe of the Tundras {venom, rN+ Will+
                  | Int-2 Dex+4} (Okawaru gifted it to you in the Dungeon)
  4308 | D        | Noticed a bog body
  4308 | D        | Noticed Psyche
  4311 | D        | Noticed a sun demon
  4328 | D        | Paralysed by something for 7 turns
  4330 | D        | HP: 4/114 [wolf (7)]
  4330 | D        | Slain by a red devil

Illustrated notes

Levels and vault maps discovered:
D:        pitsprint [storerooms_1, entrance_room_1, metal_vault_2, armoury_3,
          mini_pit_1, grid_room_1, main_hall_1, silver_pit, the_coven_1,
          the_vestibule_1, steel_vault_1, golden_pit, hallway_of_sentries,
          crystal_vault_6, iron_vault_2, final_vault]

Skill      XL: |  1  2  3  4  5  6  7  8  9 10 11 |
---------------+----------------------------------+-----
Fighting       | 5 6 7 8 9 10 11 12 14 15 | 15.9
Axes           | 3 4 6 7 9 10 12 15 17 18 | 18.6
Armour         | 5 6 7 8 9 10 11 12 14 16 | 16.1
Shields        | 5 6 8 10 11 13 14 15 17 | 17.5
Dodging        | 1 2 3 4 5 7 |  7.4
Stealth        | 1 2 |  2.2

Action                   |  1- 3 |  4- 6 |  7- 9 | 10-12 || total
-------------------------+-------+-------+-------+-------++-------
Melee: Hand axe          |    27 |    59 |    35 |    20 ||   141
       Headbutt          |     6 |    10 |    11 |    50 ||    77
       War axe           |     1 |       |    41 |   102 ||   144
       Broad axe         |       |       |       |    48 ||    48
  Use: Potion            |       |       |     1 |       ||     1
Armor: Scale mail        |    13 |       |       |       ||    13
       Chain mail        |       |    40 |    11 |       ||    51
       Plate armour      |       |       |    25 |    49 ||    74
       Swamp dragon scal |       |       |       |    26 ||    26
Dodge: Dodged            |    10 |    16 |    32 |    65 ||   123
Block: Kite shield       |    15 |    43 |    58 |    14 ||   130
       Tower shield      |       |       |       |   131 ||   131

Table legend: (Time is in decaauts)
 A = Elapsed time spent in this place.
 B = Non-inter-level travel time spent in this place.
 C = Inter-level travel time spent in this place.
 D = Time resting spent in this place.
 E = Time spent auto-exploring this place.
 F = Levels seen in this place.
 G = Mean time per level.
                   A        B        C        D        E       F      G
               +--------+--------+--------+--------+--------+-----+--------+
         Total |   4326 |   4326 |      0 |   3206 |    174 |   1 | 4326.0 |
       Dungeon |   4326 |   4326 |      0 |   3206 |    174 |   1 | 4326.0 |
               +--------+--------+--------+--------+--------+-----+--------+

Top non-repeatable levels by time:
       D: 4326 daAuts
